 Dungeon Crawl Stone Soup version 0.21.1-1-g345015fe64 (webtiles) character file.

59202 Htamos the Warrior (level 15, -3/117 HPs)
             Began as a Formicid Berserker on July 15, 2018.
             Was the Champion of Trog.
             Slain by a sixfirhy (10 damage)
             ... on level 2 of the Orcish Mines.
             The game lasted 01:03:28 (31089 turns).

Htamos the Warrior (Formicid Berserker)            Turns: 31089, Time: 01:03:28

Health: -3/117     AC: 26    Str: 28    XL:     15   Next: 33%
Magic:  15/15      EV: 11    Int:  9    God:    Trog [******]
Gold:   1646       SH: 13    Dex: 12    Spells: 14/14 levels left

rFire    + . .     SeeInvis +   i - +0 battleaxe
rCold    x . .     Gourm    +   h - +0 shield
rNeg     . . .     Faith    .   m - +6 plate armour
rPois    .         Spirit   .   (helmet unavailable)
rElec    .         Reflect  .   (no cloak)
rCorr    .         Harm     .   C - +0 pair of gloves
MR       +....                  (no boots)
Stlth    ..........             N - amulet of the gourmand
HPRegen  0.29/turn              k - +3 ring of protection
MPRegen  0.14/turn              I - ring of fire

@: no status effects
A: permanent stasis, dig shafts and tunnels, four strong arms, antennae 3, agile
1, clever 1, frail 1
a: Dig, Shaft Self, Trog's Hand, Brothers in Arms, Burn Spellbooks, Renounce
Religion


You were on level 2 of the Orcish Mines.
You worshipped Trog.
Trog was exalted by your worship.
You were very full.

You visited 3 branches of the dungeon, and saw 19 of its levels.
You also visited: Sewer.

You collected 1646 gold pieces.

Inventory:

Hand Weapons
 a - a +0 mace
 g - a +2 flail
 i - a +0 battleaxe (weapon)
 n - a -1 whip
 v - a +1 flail of protection
 F - a +2 mace of draining
 J - a +0 morningstar of freezing
 L - a +1 demon trident of venom
 O - a +1 dagger of holy wrath
 P - a -2 battleaxe
Armour
 b - a +0 pair of boots
 h - a +0 shield (worn)
 m - a +6 plate armour (worn)
 C - a +0 pair of gloves (worn)
Jewellery
 k - a +3 ring of protection (left hand)
 s - an uncursed amulet of magic regeneration
 w - an uncursed ring of poison resistance
 z - an uncursed ring of resist corrosion
 I - a ring of fire (right hand)
 N - an amulet of the gourmand (around neck)
 Q - a +3 amulet of reflection
Wands
 l - a wand of acid (8)
 r - a wand of flame (57)
 B - a wand of digging (24)
 G - a wand of paralysis (13)
 M - a wand of polymorph (19)
Scrolls
 f - a scroll of fear
 p - 6 scrolls of remove curse
 t - 4 scrolls of magic mapping
 y - 4 scrolls of fog
 H - 2 scrolls of immolation
 K - 2 scrolls of identify
Potions
 e - a potion of cancellation
 j - 2 potions of curing
 o - a potion of brilliance
 q - a potion of degeneration
 u - a potion of magic
 x - a potion of flight
 A - a potion of ambrosia
 D - 6 potions of agility
Books
 d - a book of Flames

   Spells                             Type                      Level
   a - Flame Tongue                   Conjuration/Fire             1
   b - Throw Flame                    Conjuration/Fire             2
   c - Conjure Flame                  Conjuration/Fire             3
   d - Inner Flame                    Hexes/Fire                   3
   e - Sticky Flame                   Conjuration/Fire             4
   f - Fireball                       Conjuration/Fire             5
   Trog disapproves of the use of such an item.
Miscellaneous
 E - a phial of floods
Comestibles
 c - 33 rations
 R - 3 chunks of flesh


   Skills:
 - Level 16.2 Fighting
 - Level 14.0 Maces & Flails
 + Level 12.1 Armour
 + Level 6.3 Dodging
 - Level 10.5 Shields


You had 14 spell levels left.
You didn't know any spells.

Dungeon Overview and Level Annotations

Branches:
Dungeon (11/15)            Temple (0/1) D:4            Lair (6/6) D:8
 Shoals (0/4) Lair:4        Snake (0/4) Lair:2        Slime (0/5) Lair:5
    Orc (2/2) D:11            Elf (0/3) Orc:2

Altars:
Cheibriados
Dithmenos
Gozag
Hepliaklqana
Trog
Zin

Shops:
Orc:2 ??


Innate Abilities, Weirdness & Mutations

You cannot be hasted, slowed, berserked, paralysed or teleported.
You can dig through walls and to a lower floor.
Your four strong arms can wield two-handed weapons with a shield.
You have a pair of large antennae on your head. (SInv)
You are agile. (Dex +2)
Your mind is acute. (Int +2)
You are frail. (-10% HP)


Message History

The sixfirhy hits you! The sixfirhy shocks you!
* * * LOW HITPOINT WARNING * * *
The chaos spawn gores you.
* * * LOW HITPOINT WARNING * * *
Space warps horribly around you!
* * * LOW HITPOINT WARNING * * *
The sixfirhy barely misses you. The chaos spawn gores you.
* * * LOW HITPOINT WARNING * * *
The chaos spawn freezes you!
You feel a terrible chill!
* * * LOW HITPOINT WARNING * * *
You closely miss the chaos spawn.
The chaos spawn is severely wounded.
You hit the sixfirhy but do no damage. The sixfirhy hits you.
* * * LOW HITPOINT WARNING * * *
The sixfirhy shocks you!
* * * LOW HITPOINT WARNING * * *
The sixfirhy hits you.
* * * LOW HITPOINT WARNING * * *
The sixfirhy shocks you!
You die...

##........# {
##...
##....#...##
##..
#...#....##
#∩.#.....## {
#.....#..##{{
{{
##∩.#.....##{
{
##...#...)##
##....#...##
##......)@#
##..###.43#
##. ##...# ##
##...# #.#.#
#...# #.## ##


You could see a sixfirhy and a chaos spawn.

Vanquished Creatures
  Josephine (Orc:1)
  3 hydras
  The ghost of ig87 the Martial Artist, a journeyman GnTm of Cheibriados (Lair:1)
  An ice dragon (D:11)
  A two-headed ogre (D:9)
  4 death yaks (Lair:6)
  Pikel (D:5)
  A lindwurm (Lair:6)
  The ghost of imnir the Chopper, a novice HOFi of Elyvilon (D:5)
  2 orc knights (Orc:1)
  An ugly thing (D:10)
  A deep elf mage (D:9)
  An oklob plant (Lair:1)
  An orc sorcerer (Orc:1)
  Maurice (D:11)
  11 elephants
  6 black mambas
  3 merfolk sirens (Lair:4)
  2 molten gargoyles (Lair:6)
  2 centaur zombies (D:11)
  10 spiny frogs
  3 torpor snails (Lair:2)
  A rime drake (Orc:1)
  9 komodo dragons
  2 red devils (Orc:1)
  4 polar bears (Orc:1)
  Grinder (D:5)
  3 hornets
  2 trolls
  16 blink frogs
  A merfolk (D:10)
  7 hippogriffs
  Prince Ribbit (D:9)
  Sigmund (D:2)
  4 wraiths
  A ynoxinul (Orc:2)
  2 wyverns
  49 yaks
  3 steam dragons
  A hungry ghost (D:8)
  4 vampire mosquitoes
  2 basilisks
  3 wargs (Orc:1)
  5 nagas (Lair:2)
  A soldier ant (D:10)
  4 hell hounds (Lair:6)
  13 porcupines
  16 water moccasins
  3 sky beasts
  31 orc warriors
  2 ice beasts (D:7)
  Duvessa (D:4)
  Purgy (Sewer)
  A phantom (D:5)
  3 black bears
  2 wolves (Orc:1)
  9 ogres
  9 centaurs
  13 crocodiles
  Blork the orc (D:5)
  17 bullfrogs
  Dowan (D:4)
  3 scorpions
  5 killer bees (D:10)
  4 electric eels
  5 howler monkeys
  A bullfrog zombie (D:10)
  5 lava snakes (Lair:6)
  5 crimson imps
  2 bullfrog skeletons
  12 jellies
  A quasit (D:10)
  20 orc priests
  6 hounds
  3 centaur skeletons
  Terence (D:3)
  An iguana (D:7)
  8 worker ants
  Ijyb (D:3)
  Natasha (thrice) (D:3)
  18 orc wizards
  4 gnolls (D:3)
  13 adders
  4 shadow imps
  2 oozes (Lair:5)
  An adder zombie (D:7)
  2 adder skeletons
  5 worms
  2 dart slugs (D:2)
  5 leopard geckos
  83 orcs
  7 giant cockroaches
  3 goblins
  2 hobgoblins (D:2)
  13 jackals
  4 quokkas
  2 ball pythons
  5 bats
  7 frilled lizards
  3 kobolds
  A quokka zombie (D:6)
  10 rats
  A plant (Lair:1)
591 creatures vanquished.

Vanquished Creatures (collateral kills)
  A fire dragon (Lair:6)
  A hydra (Lair:4)
  A spiny frog (Lair:4)
  3 blink frogs (Lair:4)
  A plant (Lair:4)
7 creatures vanquished.

Vanquished Creatures (others)
  A howler monkey skeleton (D:11)
  3 orcs
  53 fungi
  19 plants
76 creatures vanquished.

Grand Total: 674 creatures vanquished

Notes
Turn   | Place    | Note
-------+----------+-------------------------------------------
     0 | D:1      | Htamos the Formicid Berserker began the quest for the Orb.
     0 | D:1      | Reached XP level 1. HP: 18/18 MP: 1/1
   342 | D:1      | Reached XP level 2. HP: 25/25 MP: 2/2
   459 | D:1      | Reached skill level 4 in Fighting
   997 | D:2      | Found a bloodstained altar of Trog.
  1076 | D:2      | Reached XP level 3. HP: 24/31 MP: 3/3
  1099 | D:2      | Reached ** piety under Trog
  1649 | D:1      | Reached skill level 5 in Fighting
  1671 | D:2      | Reached XP level 4. HP: 39/39 MP: 4/4
  2502 | D:2      | Noticed Sigmund
  2517 | D:2      | Killed Sigmund
  2517 | D:2      | Reached skill level 7 in Fighting
  2517 | D:2      | Reached XP level 5. HP: 31/48 MP: 5/5
  2517 | D:2      | Reached XP level 6. HP: 35/55 MP: 6/6
  2624 | D:3      | Noticed Terence
  2788 | D:3      | Killed Terence
  3217 | D:3      | Noticed Ijyb
  3223 | D:3      | Noticed Natasha
  3225 | D:3      | Killed Ijyb
  3225 | D:3      | Reached skill level 8 in Fighting
  3225 | D:3      | Reached XP level 7. HP: 46/62 MP: 7/7
  3226 | D:3      | Killed Natasha
  3272 | D:3      | Noticed Natasha
  3295 | D:3      | Killed Natasha
  3405 | D:3      | Noticed Natasha
  3410 | D:3      | Killed Natasha
  3663 | D:3      | Found a glowing silver altar of Zin.
  3663 | D:3      | Found a shadowy altar of Dithmenos.
  3726 | D:4      | Found a staircase to the Ecumenical Temple.
  3732 | D:4      | Noticed Duvessa
  3761 | D:4      | Killed Duvessa
  3761 | D:4      | Reached skill level 9 in Fighting
  3817 | D:4      | Noticed Dowan
  3831 | D:4      | Killed Dowan
  4253 | D:4      | Found a glowing drain.
  4260 | D:4      | Reached XP level 8. HP: 71/71 MP: 8/8
  4272 | Sewer    | Entered a sewer
  4378 | Sewer    | Noticed Purgy
  4387 | Sewer    | Killed Purgy
  4404 | Sewer    | Reached skill level 10 in Fighting
  5115 | D:5      | Entered Level 5 of the Dungeon
  5115 | D:5      | Noticed Grinder
  5137 | D:5      | Killed Grinder
  5142 | D:5      | Reached skill level 11 in Fighting
  5190 | D:5      | Found a hazy altar of Hepliaklqana.
  5290 | D:5      | Noticed imnir's ghost (novice HOFi)
  5314 | D:5      | Killed imnir's ghost
  5314 | D:5      | Reached skill level 12 in Fighting
  5314 | D:5      | Reached XP level 9. HP: 36/83 MP: 9/9
  5705 | D:5      | Noticed Blork the orc
  5720 | D:5      | Killed Blork the orc
  6045 | D:5      | Noticed Pikel
  6078 | D:5      | Killed Pikel
  6078 | D:5      | Reached skill level 13 in Fighting
  6486 | D:6      | Reached XP level 10. HP: 61/93 MP: 10/10
  6497 | D:6      | Reached skill level 14 in Fighting
  6507 | D:6      | Reached *** piety under Trog
  7518 | D:7      | Found a shadowy altar of Dithmenos.
  7927 | D:7      | Reached skill level 15 in Fighting
  9261 | D:8      | Found a staircase to the Lair.
  9272 | D:8      | Reached skill level 16 in Fighting
  9602 | D:8      | Reached XP level 11. HP: 104/104 MP: 11/11
  9910 | D:8      | Found an opulent altar of Gozag.
 10099 | D:8      | Reached skill level 1 in Shields
 10201 | D:9      | Reached **** piety under Trog
 10215 | D:9      | Noticed a two-headed ogre
 10285 | Lair:1   | Entered Level 1 of the Lair of Beasts
 10779 | Lair:1   | Reached skill level 5 in Maces & Flails
 10952 | Lair:1   | Noticed ig87's ghost (journeyman GnTm)
 11223 | Lair:1   | Killed ig87's ghost
 11944 | Lair:1   | Noticed an oklob plant
 11984 | Lair:1   | Killed an oklob plant
 13849 | Lair:2   | Reached XP level 12. HP: 74/111 MP: 12/12
 14176 | Lair:2   | Reached skill level 10 in Maces & Flails
 14486 | Lair:2   | Found a staircase to the Snake Pit.
 14817 | Lair:2   | Noticed a four-headed hydra
 14826 | Lair:2   | Killed a four-headed hydra
 15543 | Lair:2   | Found a snail-covered altar of Cheibriados.
 17409 | Lair:3   | Reached XP level 13. HP: 117/118 MP: 13/13
 17842 | Lair:4   | Noticed a seven-headed hydra
 18148 | Lair:4   | Killed a seven-headed hydra
 18877 | Lair:4   | Found a staircase to the Shoals.
 19536 | Lair:4   | Reached skill level 5 in Armour
 19553 | Lair:4   | Reached skill level 5 in Shields
 20166 | Lair:5   | Reached ***** piety under Trog
 20425 | Lair:5   | Found a staircase to the Slime Pits.
 21364 | Lair:5   | Noticed an eight-headed hydra
 21374 | Lair:5   | Killed an eight-headed hydra
 21699 | Lair:6   | Entered Level 6 of the Lair of Beasts
 21721 | Lair:6   | Reached XP level 14. HP: 109/125 MP: 14/14
 21725 | Lair:6   | Gained mutation: Your muscles are strong. (Str +2) [potion of mutation]
 21725 | Lair:6   | Gained mutation: You are frail. (-10% HP) [potion of mutation]
 21725 | Lair:6   | Gained mutation: Your system is resistant to poisons. (rPois) [potion of mutation]
 21726 | Lair:6   | Lost mutation: Your muscles are strong. (Str +2) [potion of mutation]
 21726 | Lair:6   | Lost mutation: Your system is resistant to poisons. (rPois) [potion of mutation]
 21726 | Lair:6   | Gained mutation: Your mind is acute. (Int +2) [potion of mutation]
 21726 | Lair:6   | Gained mutation: You are agile. (Dex +2) [potion of mutation]
 23041 | Lair:6   | Found a large runed door.
 23049 | Lair:6   | Found a large runed door.
 23404 | Lair:6   | Got a pair of ancient gloves
 23415 | Lair:6   | Identified the -5 pair of gloves of Tiunusel {Regen+ Dex+2} (You found it on level 6 of the Lair of Beasts)
 23802 | Lair:6   | Reached skill level 10 in Shields
 23879 | Lair:6   | Received a gift from Trog
 23879 | Lair:6   | Reached skill level 10 in Armour
 24951 | D:9      | Noticed Prince Ribbit
 24974 | D:9      | Killed Prince Ribbit
 25209 | D:10     | Entered Level 10 of the Dungeon
 26074 | D:11     | Received a gift from Trog
 26085 | D:11     | Noticed Maurice
 26091 | D:11     | Found a staircase to the Orcish Mines.
 26947 | D:11     | Killed Maurice
 27417 | D:11     | Reached XP level 15. HP: 106/117 MP: 15/15
 27644 | Orc:1    | Entered Level 1 of the Orcish Mines
 28195 | Orc:1    | Reached skill level 5 in Dodging
 28304 | Orc:1    | Noticed Josephine
 28307 | Orc:1    | Received a gift from Trog
 28311 | Orc:1    | Killed Josephine
 29134 | Orc:2    | Entered Level 2 of the Orcish Mines
 29134 | Orc:2    | Found a staircase to the Elven Halls.
 29327 | Orc:1    | Reached ****** piety under Trog
 29829 | Orc:2    | Found Mumeh's Magic Scroll Emporium.
 30072 | Orc:1    | Received a gift from Trog
 30488 | Orc:2    | Found Xiwyc's Magic Scroll Shoppe.
 31089 | Orc:2    | Slain by a sixfirhy

Skill      XL: |  1  2  3  4  5  6  7  8  9 10 11 12 13 14 15 |
---------------+----------------------------------------------+-----
Fighting       | 4 5 7 8 9 12 13 16 | 16.2
Shields        | 1 7 10 | 10.5
Maces & Flails | 9 13 14 | 14.0
Armour         | 7 11 12 | 12.1
Dodging        | 4 6 |  6.3

Action                   |  1- 3 |  4- 6 |  7- 9 | 10-12 | 13-15 || total
-------------------------+-------+-------+-------+-------+-------++-------
Melee: Mace              |   124 |    11 |       |       |       ||   135
       Flail             |       |   117 |   311 |  1065 |  1272 ||  2765
       Morningstar       |       |       |       |       |   154 ||   154
       Battleaxe         |       |       |       |       |   334 ||   334
Invok: Trog's Hand       |       |     3 |       |     2 |    10 ||    15
       Burn Spellbooks   |       |       |       |       |     2 ||     2
 Abil: Dig               |       |       |       |       |     1 ||     1
Evoke: Wand              |       |       |       |     4 |     5 ||     9
  Use: Scroll            |     4 |     4 |     6 |     6 |    20 ||    40
       Potion            |       |     1 |     5 |     7 |     9 ||    22
  Eat: Chunk             |     2 |     7 |    11 |    29 |    54 ||   103
       Ration            |       |       |       |     4 |     2 ||     6
Armor: Animal skin       |    10 |       |       |       |       ||    10
       Ring mail         |    31 |       |       |       |       ||    31
       Plate armour      |    28 |   106 |   219 |   564 |   686 ||  1603
       Skin              |       |       |       |    14 |       ||    14
Dodge: Dodged            |    99 |    47 |    53 |   179 |   382 ||   760
Block: Shield            |       |    12 |   124 |   401 |  1015 ||  1552
       Reflection        |       |       |       |       |     9 ||     9
